[ AOE2 MATCH · #477120641 ]
Team RMAztecs vs Britons
[ REPLAY ANALYSIS · EXTRACTED FROM THE RECORDED GAME ]
Feudal
12:11
Castle
29:15
Imperial
—
| APM avg | 18.6 |
| APM peak | 56 |
| eAPM avg | 10.6 |
| Villagers / military | 110 / 84 |
Focus
⚔️ 24.7% · 🌾 75.3%
Eagle Scout ×66 · Spearman ×18
Feudal
12:23
Castle
17:08
Imperial
—
| APM avg | 22.0 |
| APM peak | 68 |
| eAPM avg | 12.6 |
| Villagers / military | 93 / 38 |
Focus
⚔️ 23.0% · 🌾 77.0%
Spearman ×34 · Unknown (1908) ×28 · Fire Lancer ×4
Feudal
10:38
Castle
22:38
Imperial
38:20
| APM avg | 29.4 |
| APM peak | 58 |
| eAPM avg | 17.3 |
| Villagers / military | 109 / 215 |
Focus
⚔️ 29.2% · 🌾 70.8%
Mangudai ×126 · Knight ×63 · Scout Cavalry ×15 · Trebuchet (Packed) ×5 · Archer ×3 · Battering Ram ×3
Feudal
9:38
Castle
30:48
Imperial
43:29
| APM avg | 29.6 |
| APM peak | 97 |
| eAPM avg | 12.1 |
| Villagers / military | 88 / 40 |
Focus
⚔️ 21.0% · 🌾 79.0%
Skirmisher ×20 · Scout Cavalry ×16 · Battering Ram ×4
Feudal
11:18
Castle
19:33
Imperial
—
| APM avg | 24.1 |
| APM peak | 66 |
| eAPM avg | 15.1 |
| Villagers / military | 122 / 46 |
Focus
⚔️ 21.4% · 🌾 78.6%
Shotel Warrior ×45 · Monk ×1
Feudal
—
Castle
—
Imperial
—
| APM avg | 43.1 |
| APM peak | 84 |
| eAPM avg | 15.9 |
| Villagers / military | 149 / 103 |
Focus
⚔️ 33.7% · 🌾 66.3%
Knight ×80 · Scout Cavalry ×16 · Petard ×3 · War Elephant ×2 · Trebuchet (Packed) ×2
Feudal
11:17
Castle
17:47
Imperial
—
| APM avg | 14.8 |
| APM peak | 56 |
| eAPM avg | 9.1 |
| Villagers / military | 60 / 11 |
Focus
⚔️ 25.5% · 🌾 74.5%
Mameluke ×6 · Spearman ×5
Feudal
—
Castle
—
Imperial
—
| APM avg | 19.1 |
| APM peak | 54 |
| eAPM avg | 11.9 |
| Villagers / military | 91 / 138 |
Focus
⚔️ 27.1% · 🌾 72.9%
Militia ×64 · Longbowman ×36 · Archer ×25 · Skirmisher ×7 · Spearman ×5 · Monk ×1
Match map
Resources at game start + every placement click. Thick line = wall · dashed box = detected house wall. 🟡 gold · ⚪ stone · 🟢 berries · 🔶 boar · ⭕ relic
Inputs per minute
— LocalFukBoy - - 牛奶罐
Build order — LocalFukBoy
First 150 of 320 actions detected
| 0:28 | Build | Town Center |
| 1:32 | Create | Villager (Male) |
| 1:32 | Create | Villager (Male) |
| 1:32 | Create | Villager (Male) |
| 1:32 | Create | Villager (Male) |
| 1:33 | Create | Villager (Male) |
| 1:33 | Create | Villager (Male) |
| 3:09 | Build | Mill |
| 3:45 | Create | Villager (Male) |
| 3:46 | Create | Villager (Male) |
| 3:46 | Create | Villager (Male) |
| 3:46 | Create | Villager (Male) |
| 3:46 | Create | Villager (Male) |
| 3:46 | Create | Villager (Male) |
| 3:47 | Create | Villager (Male) |
| 4:36 | Create | Villager (Male) |
| 4:37 | Create | Villager (Male) |
| 4:53 | Create | Villager (Male) |
| 4:53 | Create | Villager (Male) |
| 5:02 | Create | Villager (Male) |
| 5:26 | Create | Villager (Male) |
| 5:26 | Create | Villager (Male) |
| 6:12 | Create | Villager (Male) |
| 6:13 | Create | Villager (Male) |
| 6:13 | Create | Villager (Male) |
| 6:59 | Build | House |
| 7:01 | Build | Barracks |
| 7:38 | Build | Mill |
| 7:55 | Create | Villager (Male) |
| 7:55 | Create | Villager (Male) |
| 7:57 | Create | Villager (Male) |
| 8:11 | Create | Villager (Male) |
| 8:38 | Build | House |
| 8:42 | Build | House |
| 8:42 | Build | House |
| 9:07 | Build | Barracks |
| 9:59 | Research | Feudal Age |
| 9:59 | Research | Feudal Age |
| 11:15 | Build | Barracks |
| 12:11 | Age | Feudal Age |
| 12:16 | Create | Eagle Scout |
| 12:16 | Create | Eagle Scout |
| 12:17 | Create | Eagle Scout |
| 12:17 | Create | Eagle Scout |
| 12:17 | Create | Eagle Scout |
| 12:17 | Create | Eagle Scout |
| 12:17 | Create | Eagle Scout |
| 12:17 | Create | Eagle Scout |
| 12:17 | Create | Eagle Scout |
| 12:17 | Create | Eagle Scout |
| 12:18 | Create | Eagle Scout |
| 12:18 | Create | Eagle Scout |
| 12:18 | Create | Eagle Scout |
| 12:18 | Create | Eagle Scout |
| 12:18 | Create | Eagle Scout |
| 12:18 | Create | Eagle Scout |
| 12:18 | Create | Eagle Scout |
| 12:25 | Create | Villager (Male) |
| 12:25 | Create | Villager (Male) |
| 12:26 | Create | Villager (Male) |
| 12:26 | Create | Villager (Male) |
| 12:26 | Create | Villager (Male) |
| 13:30 | Create | Villager (Male) |
| 13:31 | Create | Villager (Male) |
| 13:31 | Create | Villager (Male) |
| 13:31 | Create | Villager (Male) |
| 13:31 | Create | Villager (Male) |
| 13:39 | Research | Horse Collar |
| 13:44 | Build | Lumber Camp |
| 14:08 | Build | Market |
| 14:38 | Build | House |
| 14:41 | Build | House |
| 14:45 | Build | Mining Camp |
| 14:52 | Research | Double-Bit Axe |
| 14:54 | Create | Villager (Male) |
| 14:54 | Create | Villager (Male) |
| 14:54 | Create | Villager (Male) |
| 14:54 | Create | Villager (Male) |
| 15:55 | Build | Farm |
| 15:56 | Build | Farm |
| 15:56 | Build | Farm |
| 15:56 | Build | Farm |
| 15:56 | Build | Farm |
| 15:56 | Build | Farm |
| 15:56 | Build | Farm |
| 15:56 | Build | Farm |
| 15:57 | Build | Farm |
| 15:57 | Build | Farm |
| 15:57 | Build | Farm |
| 15:57 | Build | Farm |
| 16:01 | Create | Villager (Male) |
| 16:01 | Create | Villager (Male) |
| 16:27 | Build | Farm |
| 16:29 | Build | Farm |
| 16:31 | Build | Farm |
| 16:34 | Build | Farm |
| 16:39 | Build | House |
| 17:01 | Build | Farm |
| 17:02 | Build | Farm |
| 17:05 | Build | Farm |
| 18:20 | Create | Villager (Male) |
| 18:20 | Create | Villager (Male) |
| 18:20 | Create | Villager (Male) |
| 18:20 | Create | Villager (Male) |
| 18:21 | Create | Villager (Male) |
| 18:26 | Build | Mill |
| 18:27 | Build | Farm |
| 18:27 | Build | Farm |
| 18:27 | Build | Farm |
| 18:28 | Build | Farm |
| 18:28 | Build | Farm |
| 18:28 | Build | Farm |
| 18:28 | Build | Farm |
| 18:28 | Build | Farm |
| 18:28 | Build | Farm |
| 18:29 | Build | Farm |
| 18:29 | Build | Farm |
| 18:29 | Build | Farm |
| 19:38 | Create | Spearman |
| 19:38 | Create | Spearman |
| 19:38 | Create | Spearman |
| 19:38 | Create | Spearman |
| 19:39 | Create | Spearman |
| 19:39 | Create | Spearman |
| 20:04 | Research | Loom |
| 20:23 | Create | Villager (Male) |
| 20:44 | Build | House |
| 20:45 | Build | House |
| 20:46 | Build | House |
| 20:49 | Build | House |
| 20:50 | Build | House |
| 20:53 | Build | House |
| 20:55 | Build | House |
| 20:57 | Create | Villager (Male) |
| 20:57 | Create | Villager (Male) |
| 20:58 | Create | Villager (Male) |
| 20:58 | Create | Villager (Male) |
| 20:58 | Create | Villager (Male) |
| 21:32 | Create | Villager (Male) |
| 21:33 | Create | Villager (Male) |
| 21:33 | Create | Villager (Male) |
| 21:33 | Create | Villager (Male) |
| 21:33 | Create | Villager (Male) |
| 21:49 | Create | Spearman |
| 21:50 | Create | Spearman |
| 22:03 | Build | Farm |
| 22:05 | Create | Villager (Male) |
| 22:06 | Create | Villager (Male) |
| 22:11 | Build | House |
| 22:16 | Build | Building 487 |
Build order — 牛奶罐
First 150 of 218 actions detected
| 0:33 | Build | Town Center |
| 1:18 | Build | Mill |
| 1:36 | Create | Villager (Male) |
| 1:36 | Research | Loom |
| 1:37 | Create | Villager (Male) ×3 |
| 3:13 | Create | Villager (Male) |
| 3:31 | Create | Villager (Male) |
| 4:00 | Build | House |
| 4:22 | Create | Villager (Male) |
| 5:12 | Create | Villager (Male) |
| 5:13 | Create | Villager (Male) |
| 5:13 | Create | Villager (Male) |
| 5:32 | Create | Villager (Male) |
| 6:07 | Create | Villager (Male) |
| 6:36 | Build | Mill |
| 6:39 | Create | Villager (Male) |
| 6:39 | Create | Villager (Male) |
| 6:39 | Create | Villager (Male) |
| 7:31 | Create | Villager (Male) ×5 |
| 9:31 | Build | Lumber Camp |
| 10:11 | Research | Feudal Age |
| 10:42 | Create | Villager (Male) |
| 10:42 | Create | Villager (Male) |
| 10:43 | Create | Villager (Male) |
| 10:53 | Build | Mining Camp |
| 11:21 | Build | House |
| 11:23 | Build | House |
| 11:27 | Build | House |
| 11:31 | Build | House |
| 12:23 | Age | Feudal Age |
| 12:26 | Build | Market |
| 12:54 | Create | Villager (Male) |
| 12:54 | Create | Villager (Male) |
| 12:59 | Build | Blacksmith |
| 13:39 | Research | Castle Age |
| 13:47 | Build | Barracks |
| 14:08 | Research | Double-Bit Axe |
| 14:28 | Create | Spearman |
| 14:28 | Create | Spearman |
| 14:28 | Create | Spearman |
| 15:30 | Create | Spearman |
| 15:30 | Create | Spearman |
| 15:53 | Create | Villager (Male) |
| 15:53 | Create | Villager (Male) |
| 16:06 | Create | Spearman |
| 16:06 | Create | Spearman |
| 16:52 | Build | Stone Wall |
| 17:00 | Build | Building 487 |
| 17:08 | Age | Castle Age |
| 17:32 | Research | Horse Collar |
| 17:32 | Research | Horse Collar |
| 17:49 | Build | Stone Wall |
| 17:56 | Create | Villager (Male) |
| 18:01 | Research | Wheelbarrow |
| 18:01 | Research | Wheelbarrow |
| 18:06 | Build | Farm |
| 18:07 | Build | Farm |
| 18:18 | Build | Stone Wall |
| 18:37 | Build | Mill |
| 19:13 | Create | Villager (Male) |
| 19:14 | Create | Villager (Male) |
| 19:36 | Build | Stone Wall |
| 19:43 | Create | Villager (Male) |
| 19:43 | Create | Villager (Male) |
| 19:49 | Build | Farm |
| 19:51 | Build | Farm |
| 19:52 | Build | Farm |
| 20:10 | Create | Villager (Male) |
| 20:11 | Create | Villager (Male) |
| 20:19 | Build | Building 665 |
| 20:24 | Build | Stone Wall |
| 20:29 | Build | Farm |
| 20:31 | Create | Villager (Male) |
| 20:31 | Create | Villager (Male) |
| 20:57 | Build | Castle |
| 21:02 | Create | Villager (Male) |
| 21:03 | Create | Villager (Male) |
| 21:20 | Build | Mining Camp |
| 22:18 | Build | House |
| 22:20 | Build | House |
| 22:21 | Build | House |
| 22:31 | Create | Villager (Male) |
| 22:31 | Create | Villager (Male) |
| 22:36 | Build | Town Center |
| 23:12 | Create | Villager (Male) |
| 23:19 | Research | Bow Saw |
| 23:20 | Research | Bow Saw |
| 23:43 | Create | Villager (Male) |
| 23:43 | Create | Villager (Male) |
| 23:44 | Create | Villager (Male) |
| 23:44 | Create | Villager (Male) |
| 24:12 | Build | Stone Wall |
| 24:17 | Create | Villager (Male) |
| 24:18 | Create | Villager (Male) |
| 24:18 | Create | Villager (Male) |
| 24:24 | Build | Farm |
| 24:25 | Build | Farm |
| 24:26 | Build | Farm |
| 24:28 | Build | Farm |
| 24:39 | Create | Villager (Male) |
| 24:39 | Create | Villager (Male) |
| 24:49 | Build | Stone Wall |
| 25:14 | Build | Farm |
| 25:17 | Research | Heavy Plow |
| 25:32 | Create | Villager (Male) |
| 25:32 | Create | Villager (Male) |
| 25:32 | Create | Villager (Male) |
| 25:54 | Create | Villager (Male) |
| 25:54 | Create | Villager (Male) |
| 25:54 | Create | Villager (Male) |
| 26:04 | Research | Pikeman (upgrade) |
| 26:09 | Create | Fire Lancer ×2 |
| 26:09 | Create | Fire Lancer ×2 |
| 26:17 | Create | Villager (Male) |
| 26:21 | Build | Farm |
| 26:21 | Build | Farm |
| 26:23 | Build | Farm |
| 26:24 | Build | Farm |
| 27:01 | Create | Villager (Male) |
| 27:01 | Create | Villager (Male) |
| 27:01 | Create | Villager (Male) |
| 27:02 | Create | Villager (Male) |
| 27:02 | Create | Villager (Male) |
| 27:05 | Create | Spearman ×5 |
| 27:18 | Build | Stone Wall |
| 27:19 | Build | Stone Wall |
| 27:37 | Build | Town Center |
| 28:34 | Create | Spearman |
| 28:35 | Research | Forging |
| 28:45 | Build | Farm |
| 28:46 | Build | Farm |
| 28:47 | Build | Farm |
| 28:48 | Build | Farm |
| 28:55 | Build | Mining Camp |
| 29:10 | Create | Villager (Male) |
| 29:11 | Create | Villager (Male) |
| 29:11 | Create | Villager (Male) |
| 29:11 | Create | Villager (Male) |
| 29:11 | Create | Villager (Male) |
| 29:12 | Create | Villager (Male) |
| 29:28 | Create | Unit 1908 |
| 29:28 | Create | Unit 1908 |
| 29:28 | Create | Unit 1908 |
| 29:29 | Create | Unit 1908 |
| 29:29 | Create | Unit 1908 |
| 29:57 | Create | Villager (Male) |
| 29:57 | Create | Villager (Male) |
| 29:57 | Create | Villager (Male) |
| 29:57 | Create | Villager (Male) |
| 30:36 | Build | Farm |
Build order — PadreDiSerse
First 150 of 278 actions detected
| 0:11 | Build | Town Center |
| 1:12 | Create | Villager (Male) |
| 1:22 | Create | Villager (Male) |
| 1:33 | Create | Villager (Male) |
| 1:42 | Create | Villager (Male) |
| 1:53 | Create | Villager (Male) |
| 3:11 | Create | Villager (Male) |
| 3:24 | Create | Villager (Male) |
| 3:24 | Create | Villager (Male) |
| 3:39 | Create | Villager (Male) |
| 3:48 | Build | Lumber Camp |
| 3:51 | Create | Villager (Male) |
| 4:08 | Create | Villager (Male) |
| 4:08 | Create | Villager (Male) |
| 4:49 | Create | Villager (Male) |
| 5:40 | Create | Villager (Male) |
| 5:54 | Build | Mill |
| 6:22 | Build | House |
| 6:23 | Build | House |
| 6:48 | Create | Villager (Male) |
| 6:48 | Create | Villager (Male) |
| 6:57 | Research | Loom |
| 6:57 | Create | Villager (Male) |
| 7:00 | Research | Loom |
| 7:04 | Create | Villager (Male) |
| 7:04 | Research | Loom |
| 7:41 | Research | Feudal Age |
| 7:51 | Build | Barracks |
| 8:57 | Build | House |
| 9:19 | Build | Mill |
| 9:39 | Build | House |
| 9:50 | Build | Mill |
| 10:38 | Age | Feudal Age |
| 10:39 | Build | Stable |
| 10:46 | Build | Blacksmith |
| 10:52 | Research | Double-Bit Axe |
| 11:20 | Create | Scout Cavalry |
| 11:20 | Create | Scout Cavalry |
| 11:20 | Create | Scout Cavalry |
| 11:21 | Create | Villager (Male) |
| 11:21 | Create | Villager (Male) |
| 11:22 | Create | Villager (Male) |
| 11:34 | Build | Farm |
| 11:40 | Create | Villager (Male) |
| 11:45 | Research | Scale Barding Armor |
| 11:47 | Research | Forging |
| 12:01 | Build | Farm |
| 12:02 | Create | Villager (Male) |
| 12:20 | Build | Farm |
| 12:33 | Build | Stable |
| 12:37 | Create | Villager (Male) |
| 12:40 | Create | Scout Cavalry |
| 12:44 | Create | Villager (Male) |
| 12:55 | Create | Villager (Male) |
| 12:59 | Build | Farm |
| 13:34 | Create | Scout Cavalry |
| 13:34 | Create | Scout Cavalry |
| 13:35 | Create | Villager (Male) |
| 13:37 | Build | Farm |
| 13:39 | Build | Farm |
| 14:27 | Create | Scout Cavalry |
| 14:27 | Create | Scout Cavalry |
| 14:28 | Create | Villager (Male) |
| 14:28 | Create | Villager (Male) |
| 14:35 | Build | Farm |
| 14:40 | Build | Mill |
| 14:51 | Create | Villager (Male) |
| 14:55 | Build | Farm |
| 14:58 | Create | Scout Cavalry |
| 15:31 | Create | Scout Cavalry ×2 |
| 15:31 | Create | Villager (Male) |
| 15:34 | Build | House |
| 15:37 | Build | House |
| 16:00 | Create | Scout Cavalry |
| 16:00 | Create | Scout Cavalry |
| 16:09 | Build | House |
| 16:11 | Create | Villager (Male) |
| 16:11 | Create | Villager (Male) |
| 16:13 | Build | Market |
| 16:43 | Create | Scout Cavalry |
| 16:43 | Create | Scout Cavalry |
| 16:46 | Build | House |
| 16:47 | Build | House |
| 17:15 | Build | Mining Camp |
| 17:18 | Create | Villager (Male) |
| 17:18 | Create | Villager (Male) |
| 17:30 | Build | Farm |
| 17:31 | Build | Farm |
| 17:32 | Build | Farm |
| 18:03 | Create | Villager (Male) |
| 18:04 | Create | Villager (Male) |
| 18:46 | Build | Farm |
| 19:58 | Research | Castle Age |
| 20:10 | Build | Mining Camp |
| 20:26 | Research | Wheelbarrow |
| 20:40 | Build | House |
| 20:47 | Build | House |
| 20:48 | Build | House |
| 20:49 | Build | House |
| 20:52 | Build | House |
| 20:53 | Build | House |
| 20:55 | Build | House |
| 20:58 | Research | Fletching |
| 20:59 | Research | Padded Archer Armor |
| 21:02 | Build | Archery Range |
| 21:09 | Research | Bloodlines |
| 21:14 | Research | Horse Collar |
| 21:28 | Build | Lumber Camp |
| 21:32 | Research | Gold Mining |
| 22:22 | Build | House |
| 22:23 | Build | House |
| 22:38 | Age | Castle Age |
| 22:41 | Build | Town Center |
| 22:44 | Create | Villager (Male) |
| 22:45 | Create | Villager (Male) |
| 22:56 | Build | Farm |
| 22:58 | Research | Bow Saw |
| 23:05 | Create | Knight ×3 |
| 23:30 | Create | Villager (Male) |
| 23:30 | Create | Villager (Male) |
| 24:12 | Create | Villager (Male) |
| 24:12 | Create | Villager (Male) |
| 24:29 | Create | Villager (Male) |
| 24:29 | Create | Villager (Male) |
| 24:31 | Create | Villager (Male) |
| 24:39 | Research | Husbandry |
| 24:40 | Create | Knight |
| 24:40 | Create | Knight |
| 24:45 | Create | Villager (Male) |
| 25:03 | Build | Town Center |
| 25:37 | Research | Hand Cart |
| 25:49 | Create | Villager (Male) |
| 26:30 | Create | Villager (Male) ×3 |
| 27:16 | Create | Villager (Male) |
| 27:16 | Create | Villager (Male) |
| 27:18 | Create | Villager (Male) |
| 27:39 | Build | Castle |
| 27:51 | Create | Archer |
| 27:51 | Create | Archer |
| 28:38 | Create | Villager (Male) ×5 |
| 28:39 | Create | Villager (Male) ×5 |
| 28:43 | Build | Farm |
| 28:53 | Create | Archer |
| 28:56 | Research | Bodkin Arrow |
| 29:40 | Build | Mining Camp |
| 30:06 | Create | Villager (Male) ×5 |
| 30:17 | Build | Farm |
| 30:17 | Build | Farm |
| 30:20 | Build | Farm |
| 30:21 | Build | Farm |
Build order — Galadh
First 150 of 211 actions detected
| 0:05 | Build | Town Center |
| 1:13 | Create | Villager (Male) |
| 1:13 | Create | Villager (Male) |
| 1:13 | Create | Villager (Male) |
| 1:14 | Create | Villager (Male) |
| 1:14 | Create | Villager (Male) |
| 1:14 | Create | Villager (Male) |
| 1:52 | Create | Villager (Male) |
| 1:53 | Create | Villager (Male) |
| 2:09 | Build | Lumber Camp |
| 2:55 | Create | Villager (Male) |
| 2:56 | Create | Villager (Male) |
| 2:56 | Create | Villager (Male) |
| 3:39 | Build | Mill |
| 4:01 | Research | Loom |
| 4:22 | Create | Villager (Male) |
| 4:22 | Create | Villager (Male) |
| 4:22 | Create | Villager (Male) |
| 4:23 | Create | Villager (Male) |
| 4:46 | Create | Villager (Male) |
| 4:47 | Create | Villager (Male) |
| 5:41 | Create | Villager (Male) |
| 5:41 | Create | Villager (Male) |
| 5:41 | Create | Villager (Male) |
| 6:26 | Create | Villager (Male) |
| 6:44 | Build | House |
| 7:27 | Research | Feudal Age |
| 7:43 | Build | Barracks |
| 8:45 | Build | House |
| 9:38 | Age | Feudal Age |
| 9:41 | Build | Stable |
| 9:43 | Create | Villager (Male) |
| 9:49 | Research | Double-Bit Axe |
| 10:06 | Create | Villager (Male) |
| 10:27 | Create | Scout Cavalry |
| 10:27 | Create | Scout Cavalry |
| 10:39 | Build | House |
| 11:06 | Create | Scout Cavalry |
| 11:23 | Create | Scout Cavalry |
| 11:36 | Create | Villager (Male) |
| 11:36 | Create | Villager (Male) |
| 11:48 | Build | Blacksmith |
| 11:49 | Create | Scout Cavalry |
| 11:51 | Create | Villager (Male) |
| 12:18 | Create | Scout Cavalry |
| 12:35 | Create | Scout Cavalry |
| 12:41 | Research | Forging |
| 12:49 | Create | Scout Cavalry |
| 12:50 | Build | House |
| 12:51 | Create | Villager (Male) |
| 12:58 | Build | Mill |
| 13:08 | Create | Villager (Male) |
| 13:22 | Build | Lumber Camp |
| 13:28 | Build | House |
| 13:56 | Create | Villager (Male) |
| 14:07 | Build | Market |
| 14:55 | Create | Villager (Male) |
| 14:57 | Create | Scout Cavalry |
| 14:58 | Create | Scout Cavalry |
| 15:42 | Create | Villager (Male) |
| 15:42 | Create | Villager (Male) |
| 15:44 | Create | Villager (Male) |
| 15:45 | Create | Villager (Male) |
| 15:45 | Create | Villager (Male) |
| 16:08 | Build | Mill |
| 16:26 | Create | Villager (Male) |
| 16:27 | Create | Villager (Male) |
| 16:29 | Create | Scout Cavalry |
| 16:30 | Create | Scout Cavalry |
| 16:53 | Research | Scale Barding Armor |
| 16:56 | Build | House |
| 17:03 | Build | House |
| 17:05 | Build | House |
| 17:07 | Build | House |
| 17:53 | Create | Scout Cavalry |
| 17:53 | Create | Scout Cavalry |
| 18:10 | Create | Villager (Male) |
| 18:11 | Create | Villager (Male) |
| 19:14 | Create | Villager (Male) |
| 19:14 | Create | Villager (Male) |
| 19:15 | Create | Villager (Male) |
| 19:15 | Create | Villager (Male) |
| 20:44 | Build | Blacksmith |
| 20:50 | Create | Villager (Male) |
| 20:50 | Create | Villager (Male) |
| 21:06 | Build | Lumber Camp |
| 21:27 | Create | Villager (Male) |
| 21:28 | Create | Villager (Male) |
| 21:28 | Create | Villager (Male) |
| 21:35 | Build | Mill |
| 21:38 | Build | Pasture |
| 21:40 | Build | Pasture |
| 21:42 | Build | Pasture |
| 21:58 | Build | Pasture |
| 22:14 | Create | Villager (Male) |
| 22:14 | Create | Villager (Male) |
| 22:29 | Build | Mill |
| 22:43 | Create | Villager (Male) |
| 22:51 | Build | Pasture |
| 22:53 | Build | Pasture |
| 22:55 | Build | Pasture |
| 23:12 | Build | Archery Range |
| 23:20 | Research | Fletching |
| 23:49 | Build | Town Center |
| 23:57 | Create | Skirmisher |
| 23:57 | Create | Skirmisher |
| 23:58 | Create | Skirmisher |
| 24:29 | Create | Skirmisher |
| 24:29 | Create | Skirmisher |
| 24:44 | Create | Skirmisher |
| 25:09 | Create | Villager (Male) |
| 25:09 | Create | Villager (Male) |
| 25:09 | Create | Villager (Male) |
| 25:10 | Create | Villager (Male) |
| 25:34 | Create | Skirmisher |
| 25:57 | Create | Skirmisher |
| 26:16 | Create | Skirmisher |
| 26:16 | Create | Skirmisher |
| 26:50 | Create | Skirmisher |
| 26:50 | Create | Skirmisher |
| 27:06 | Create | Skirmisher |
| 27:06 | Create | Skirmisher |
| 27:47 | Create | Skirmisher |
| 27:47 | Create | Skirmisher |
| 28:08 | Research | Castle Age |
| 28:19 | Build | Pasture |
| 28:21 | Research | Tech 1014 |
| 28:53 | Research | Wheelbarrow |
| 28:57 | Create | Skirmisher |
| 29:12 | Create | Scout Cavalry |
| 29:12 | Create | Scout Cavalry |
| 29:26 | Build | Pasture |
| 29:52 | Create | Skirmisher |
| 29:59 | Research | Padded Archer Armor |
| 30:48 | Age | Castle Age |
| 31:01 | Create | Villager (Male) |
| 31:01 | Create | Villager (Male) |
| 31:01 | Create | Villager (Male) |
| 31:08 | Build | Town Center |
| 31:17 | Build | Siege Workshop |
| 31:25 | Create | Villager (Male) |
| 31:25 | Create | Villager (Male) |
| 31:59 | Create | Battering Ram |
| 32:10 | Create | Villager (Male) |
| 32:10 | Create | Villager (Male) |
| 32:24 | Create | Villager (Male) |
| 32:24 | Create | Villager (Male) |
| 32:24 | Create | Villager (Male) |
| 33:05 | Create | Villager (Male) |
| 33:05 | Create | Villager (Male) |
Build order — Aztekli
First 150 of 227 actions detected
| 0:08 | Build | Town Center |
| 1:23 | Create | Villager (Male) ×4 |
| 2:44 | Build | Lumber Camp |
| 3:08 | Build | Mill |
| 3:23 | Create | Villager (Male) |
| 3:24 | Create | Villager (Male) |
| 3:24 | Create | Villager (Male) |
| 3:24 | Create | Villager (Male) |
| 3:48 | Create | Villager (Male) |
| 3:48 | Create | Villager (Male) |
| 5:22 | Create | Villager (Male) |
| 5:22 | Create | Villager (Male) |
| 5:23 | Create | Villager (Male) |
| 6:23 | Create | Villager (Male) |
| 6:47 | Create | Villager (Male) |
| 6:51 | Build | House |
| 7:24 | Create | Villager (Male) |
| 7:26 | Create | Villager (Male) |
| 8:40 | Build | House |
| 8:41 | Build | House |
| 8:42 | Build | House |
| 8:43 | Create | Villager (Male) |
| 8:45 | Research | Feudal Age |
| 9:58 | Build | House |
| 10:34 | Create | Villager (Male) |
| 10:35 | Create | Villager (Male) |
| 10:54 | Build | House |
| 11:18 | Age | Feudal Age |
| 11:28 | Build | Market |
| 11:45 | Create | Villager (Male) |
| 11:45 | Create | Villager (Male) |
| 12:31 | Build | Blacksmith |
| 12:38 | Create | Villager (Male) |
| 12:42 | Build | Farm |
| 13:11 | Build | Palisade Wall |
| 13:15 | Build | Palisade Wall |
| 13:18 | Build | Palisade Wall |
| 13:31 | Build | Palisade Gate |
| 13:39 | Build | Palisade Gate |
| 13:59 | Build | Palisade Gate |
| 14:02 | Build | Palisade Gate |
| 14:15 | Research | Fletching |
| 14:49 | Build | Farm |
| 14:51 | Build | Farm |
| 14:57 | Build | Farm |
| 14:59 | Build | Farm |
| 15:25 | Build | Farm |
| 15:30 | Build | Farm |
| 15:33 | Build | Farm |
| 15:35 | Build | Farm |
| 15:37 | Build | Farm |
| 15:49 | Build | Farm |
| 15:59 | Build | House |
| 16:03 | Build | House |
| 16:04 | Build | House |
| 16:11 | Build | House |
| 16:12 | Build | House |
| 16:15 | Build | House |
| 16:16 | Build | House |
| 16:20 | Build | House |
| 16:22 | Build | House |
| 16:23 | Build | House |
| 16:41 | Build | Palisade Wall |
| 16:43 | Build | Palisade Wall |
| 16:53 | Research | Castle Age |
| 17:56 | Research | Double-Bit Axe |
| 17:58 | Research | Horse Collar |
| 18:25 | Build | Lumber Camp |
| 19:32 | Create | Villager (Male) |
| 19:32 | Create | Villager (Male) |
| 19:33 | Age | Castle Age |
| 20:11 | Create | Villager (Male) |
| 20:40 | Build | Town Center |
| 20:55 | Create | Villager (Male) |
| 20:55 | Create | Villager (Male) |
| 20:56 | Create | Villager (Male) |
| 20:56 | Create | Villager (Male) |
| 20:56 | Create | Villager (Male) |
| 21:46 | Research | Bow Saw |
| 22:02 | Create | Villager (Male) |
| 22:02 | Create | Villager (Male) |
| 22:03 | Create | Villager (Male) |
| 22:36 | Create | Villager (Male) |
| 22:36 | Create | Villager (Male) |
| 22:43 | Build | Town Center |
| 22:59 | Create | Villager (Male) |
| 23:00 | Create | Villager (Male) |
| 23:00 | Create | Villager (Male) |
| 23:15 | Build | House |
| 23:20 | Build | House |
| 23:21 | Build | House |
| 24:28 | Build | Mining Camp |
| 25:29 | Research | Wheelbarrow |
| 26:12 | Build | Castle |
| 26:20 | Build | Castle |
| 26:29 | Build | Farm |
| 26:51 | Research | Loom |
| 26:52 | Create | Villager (Male) |
| 27:01 | Build | Stone Wall |
| 27:03 | Build | Stone Wall |
| 27:06 | Build | Stone Wall |
| 27:44 | Create | Villager (Male) ×5 |
| 27:45 | Create | Villager (Male) ×5 |
| 29:39 | Create | Villager (Male) |
| 29:48 | Build | Mining Camp |
| 30:13 | Build | Monastery |
| 30:23 | Create | Villager (Male) |
| 30:32 | Build | Farm |
| 30:33 | Build | Farm |
| 30:37 | Build | Farm |
| 30:57 | Build | Farm |
| 30:58 | Build | Farm |
| 30:58 | Build | Farm |
| 30:58 | Build | Farm |
| 31:20 | Create | Villager (Male) |
| 31:21 | Create | Villager (Male) |
| 31:21 | Create | Villager (Male) |
| 31:26 | Create | Monk |
| 31:42 | Create | Villager (Male) ×2 |
| 31:49 | Build | Town Center |
| 32:02 | Create | Villager (Male) ×2 |
| 32:33 | Create | Villager (Male) ×3 |
| 32:33 | Create | Villager (Male) ×3 |
| 32:54 | Create | Villager (Male) ×3 |
| 33:12 | Build | Lumber Camp |
| 33:17 | Build | Farm |
| 33:18 | Build | Farm |
| 33:19 | Create | Villager (Male) ×2 |
| 33:26 | Create | Villager (Male) ×2 |
| 33:30 | Build | Farm |
| 33:31 | Build | Farm |
| 33:32 | Build | Farm |
| 33:33 | Build | Farm |
| 33:44 | Build | Outpost |
| 34:45 | Create | Villager (Male) ×5 |
| 34:45 | Create | Villager (Male) ×5 |
| 34:48 | Build | Farm |
| 35:06 | Build | Barracks |
| 35:13 | Build | Blacksmith |
| 35:23 | Create | Villager (Male) ×4 |
| 35:45 | Build | Building 490 |
| 36:20 | Build | Building 490 |
| 36:31 | Build | Stone Wall |
| 36:53 | Build | Stone Wall |
| 36:57 | Create | Villager (Male) ×5 |
| 36:57 | Create | Villager (Male) ×5 |
| 36:58 | Create | Villager (Male) ×5 |
| 37:25 | Build | Mining Camp |
| 38:14 | Create | Villager (Male) ×5 |
| 38:16 | Create | Shotel Warrior ×5 |
Build order — K4inDB
First 150 of 410 actions detected
| 0:05 | Build | Town Center |
| 1:17 | Create | Villager (Male) |
| 1:17 | Create | Villager (Male) |
| 1:17 | Create | Villager (Male) |
| 1:42 | Create | Villager (Male) |
| 1:42 | Create | Villager (Male) |
| 1:43 | Create | Villager (Male) |
| 2:10 | Create | Villager (Male) |
| 2:10 | Create | Villager (Male) |
| 2:20 | Build | Lumber Camp |
| 2:30 | Create | Villager (Male) |
| 3:08 | Create | Villager (Male) |
| 4:52 | Create | Villager (Male) |
| 4:53 | Create | Villager (Male) |
| 4:53 | Create | Villager (Male) |
| 5:18 | Create | Villager (Male) |
| 5:18 | Create | Villager (Male) |
| 5:19 | Create | Villager (Male) |
| 5:34 | Create | Villager (Male) |
| 5:34 | Create | Villager (Male) |
| 6:07 | Create | Villager (Male) |
| 6:07 | Create | Villager (Male) |
| 6:16 | Build | Mill |
| 6:42 | Create | Villager (Male) |
| 6:43 | Create | Villager (Male) |
| 6:48 | Research | Loom |
| 7:43 | Research | Feudal Age |
| 7:57 | Build | Barracks |
| 7:58 | Build | House |
| 8:39 | Build | House |
| 8:53 | Create | Villager (Male) |
| 8:53 | Create | Villager (Male) |
| 9:49 | Build | Stable |
| 9:56 | Research | Double-Bit Axe |
| 10:09 | Research | Horse Collar |
| 10:15 | Build | Farm |
| 10:18 | Build | Farm |
| 10:27 | Build | Mill |
| 10:31 | Create | Scout Cavalry |
| 10:31 | Create | Scout Cavalry |
| 10:35 | Create | Villager (Male) |
| 10:35 | Create | Villager (Male) |
| 10:37 | Build | Farm |
| 11:18 | Create | Villager (Male) |
| 11:18 | Create | Villager (Male) |
| 11:20 | Create | Scout Cavalry |
| 11:23 | Build | Farm |
| 11:55 | Create | Villager (Male) |
| 11:56 | Create | Scout Cavalry |
| 12:01 | Build | Farm |
| 12:10 | Build | House |
| 12:34 | Build | Lumber Camp |
| 12:37 | Create | Villager (Male) |
| 12:37 | Create | Villager (Male) |
| 12:38 | Create | Scout Cavalry |
| 12:39 | Create | Scout Cavalry |
| 12:41 | Build | House |
| 13:12 | Create | Villager (Male) |
| 13:29 | Build | House |
| 13:33 | Build | Farm |
| 13:34 | Build | Farm |
| 13:37 | Build | Farm |
| 14:00 | Create | Villager (Male) |
| 14:00 | Create | Villager (Male) |
| 14:01 | Create | Scout Cavalry |
| 14:01 | Create | Scout Cavalry |
| 14:25 | Create | Villager (Male) |
| 14:31 | Build | Farm |
| 14:32 | Build | Farm |
| 14:43 | Create | Scout Cavalry |
| 15:23 | Create | Villager (Male) |
| 15:24 | Create | Scout Cavalry |
| 15:25 | Create | Villager (Male) |
| 15:56 | Create | Villager (Male) |
| 15:57 | Create | Scout Cavalry |
| 16:01 | Build | Farm |
| 16:03 | Build | Farm |
| 16:04 | Build | Farm |
| 16:06 | Create | Villager (Male) |
| 16:06 | Create | Villager (Male) |
| 16:08 | Build | Farm |
| 16:09 | Create | Villager (Male) |
| 16:11 | Build | House |
| 16:12 | Build | House |
| 16:19 | Build | Mill |
| 16:46 | Create | Scout Cavalry |
| 16:46 | Create | Scout Cavalry |
| 17:16 | Create | Villager (Male) |
| 17:19 | Build | Farm |
| 17:20 | Build | Farm |
| 17:21 | Build | Farm |
| 17:22 | Create | Villager (Male) |
| 17:37 | Create | Scout Cavalry |
| 17:56 | Build | Mining Camp |
| 17:57 | Create | Villager (Male) |
| 18:03 | Build | House |
| 18:04 | Build | Blacksmith |
| 19:00 | Create | Villager (Male) |
| 19:00 | Create | Villager (Male) |
| 19:00 | Create | Villager (Male) |
| 19:13 | Create | Scout Cavalry |
| 19:13 | Create | Scout Cavalry |
| 19:32 | Research | Forging |
| 20:06 | Build | House |
| 20:21 | Research | Castle Age |
| 20:21 | Research | Castle Age |
| 20:35 | Research | Gold Mining |
| 20:51 | Create | Villager (Male) |
| 20:51 | Create | Villager (Male) |
| 21:06 | Build | Market |
| 22:01 | Build | Lumber Camp |
| 22:29 | Research | Scale Barding Armor |
| 22:51 | Create | Knight |
| 22:51 | Create | Knight |
| 22:56 | Build | Stable |
| 23:05 | Research | Bow Saw |
| 23:12 | Create | Villager (Male) |
| 23:57 | Create | Knight |
| 23:57 | Create | Knight |
| 23:58 | Create | Villager (Male) |
| 23:59 | Create | Villager (Male) |
| 24:00 | Create | Knight |
| 24:00 | Create | Knight |
| 24:06 | Build | Town Center |
| 24:22 | Research | Iron Casting |
| 24:24 | Create | Villager (Male) |
| 24:34 | Build | Mill |
| 24:36 | Build | Farm |
| 24:37 | Build | Farm |
| 24:46 | Create | Knight |
| 24:46 | Create | Knight |
| 24:55 | Create | Villager (Male) |
| 24:59 | Build | House |
| 25:00 | Build | House |
| 25:00 | Build | House |
| 25:06 | Create | Knight |
| 25:08 | Research | Husbandry |
| 25:14 | Research | Bloodlines |
| 25:15 | Research | Husbandry |
| 25:17 | Create | Villager (Male) |
| 25:18 | Create | Villager (Male) |
| 25:43 | Create | Knight |
| 25:44 | Create | Knight |
| 25:45 | Create | Villager (Male) |
| 25:45 | Create | Villager (Male) |
| 25:46 | Create | Villager (Male) |
| 25:53 | Create | Villager (Male) |
| 25:54 | Create | Villager (Male) |
| 25:57 | Build | Farm |
| 25:59 | Build | Farm |
Build order — DestroyerOfDreams
110 actions detected in the replay
| 0:04 | Build | Town Center |
| 0:08 | Build | House |
| 1:11 | Create | Villager (Male) ×4 |
| 1:12 | Create | Villager (Male) ×4 |
| 2:05 | Build | Lumber Camp |
| 2:09 | Create | Villager (Male) |
| 2:10 | Create | Villager (Male) |
| 3:03 | Create | Villager (Male) ×2 |
| 3:04 | Create | Villager (Male) ×2 |
| 3:41 | Build | Mill |
| 3:52 | Create | Villager (Male) |
| 4:21 | Create | Villager (Male) |
| 4:21 | Create | Villager (Male) |
| 4:32 | Create | Villager (Male) |
| 4:32 | Create | Villager (Male) |
| 4:54 | Create | Villager (Male) |
| 4:54 | Create | Villager (Male) |
| 5:03 | Create | Villager (Male) |
| 5:27 | Build | Mill |
| 5:29 | Create | Villager (Male) |
| 5:29 | Create | Villager (Male) |
| 5:55 | Create | Villager (Male) |
| 5:55 | Create | Villager (Male) |
| 6:32 | Create | Villager (Male) |
| 6:47 | Create | Villager (Male) |
| 7:24 | Create | Villager (Male) |
| 8:00 | Create | Villager (Male) |
| 8:07 | Build | Mining Camp |
| 8:13 | Build | House |
| 8:35 | Research | Feudal Age |
| 8:37 | Research | Loom |
| 8:38 | Research | Feudal Age |
| 9:16 | Build | Barracks |
| 9:31 | Create | Villager (Male) |
| 9:31 | Create | Villager (Male) |
| 10:39 | Build | Palisade Wall |
| 10:43 | Build | Palisade Wall |
| 10:59 | Build | Palisade Wall |
| 11:12 | Create | Villager (Male) |
| 11:17 | Age | Feudal Age |
| 11:23 | Build | Palisade Wall |
| 11:32 | Create | Spearman |
| 11:32 | Create | Spearman |
| 11:32 | Create | Spearman |
| 11:33 | Create | Villager (Male) |
| 11:34 | Create | Villager (Male) |
| 12:49 | Build | Market |
| 12:52 | Build | Blacksmith |
| 13:06 | Build | Farm |
| 13:06 | Build | Farm |
| 13:34 | Build | House |
| 14:17 | Build | Palisade Gate |
| 14:23 | Build | House |
| 14:52 | Build | Palisade Gate |
| 14:57 | Build | House |
| 15:00 | Build | House |
| 15:07 | Research | Castle Age |
| 15:45 | Build | Mining Camp |
| 16:23 | Build | Palisade Gate |
| 17:09 | Create | Villager (Male) |
| 17:11 | Create | Villager (Male) |
| 17:47 | Age | Castle Age |
| 17:47 | Build | Farm |
| 17:50 | Create | Villager (Male) |
| 18:11 | Build | Castle |
| 18:45 | Build | Palisade Wall |
| 18:54 | Build | Palisade Wall |
| 19:02 | Create | Spearman |
| 19:02 | Create | Spearman |
| 19:11 | Build | Building 796 |
| 19:15 | Build | Palisade Wall |
| 20:08 | Build | Mining Camp |
| 20:10 | Create | Villager (Male) |
| 20:11 | Create | Villager (Male) |
| 21:58 | Build | Watch Tower |
| 21:59 | Create | Mameluke |
| 21:59 | Create | Mameluke |
| 22:20 | Build | Town Center |
| 23:12 | Create | Mameluke |
| 23:12 | Create | Mameluke |
| 23:28 | Build | Palisade Wall |
| 24:24 | Create | Villager (Male) |
| 24:25 | Create | Villager (Male) |
| 24:34 | Build | House |
| 24:36 | Build | House |
| 25:36 | Build | Castle |
| 25:44 | Build | House |
| 25:50 | Build | Building 804 |
| 25:59 | Create | Villager (Male) |
| 26:00 | Create | Villager (Male) |
| 26:09 | Build | Building 804 |
| 27:19 | Create | Mameluke |
| 27:19 | Create | Mameluke |
| 28:02 | Build | Building 800 |
| 29:50 | Create | Villager (Male) |
| 29:50 | Create | Villager (Male) |
| 29:51 | Create | Villager (Male) |
| 31:04 | Build | Farm |
| 32:45 | Build | Palisade Wall |
| 32:57 | Create | Villager (Male) ×3 |
| 32:57 | Create | Villager (Male) ×3 |
| 33:46 | Build | Palisade Wall |
| 34:26 | Create | Villager (Male) |
| 34:27 | Create | Villager (Male) |
| 35:26 | Create | Villager (Male) |
| 35:26 | Create | Villager (Male) |
| 36:14 | Create | Villager (Male) |
| 36:15 | Create | Villager (Male) |
| 36:15 | Create | Villager (Male) |
| 36:41 | Build | Town Center |
Build order — Er Pecoraio
First 150 of 258 actions detected
| 0:12 | Build | Town Center |
| 1:18 | Create | Villager (Male) |
| 1:18 | Create | Villager (Male) |
| 1:18 | Create | Villager (Male) |
| 1:18 | Create | Villager (Male) |
| 1:19 | Create | Villager (Male) |
| 1:50 | Build | Lumber Camp |
| 2:00 | Create | Villager (Male) |
| 2:00 | Create | Villager (Male) |
| 2:43 | Create | Villager (Male) |
| 2:43 | Create | Villager (Male) |
| 2:44 | Create | Villager (Male) |
| 3:06 | Research | Loom |
| 3:07 | Create | Villager (Male) |
| 3:08 | Create | Villager (Male) |
| 3:08 | Create | Villager (Male) |
| 3:08 | Create | Villager (Male) |
| 4:34 | Create | Villager (Male) |
| 4:44 | Create | Villager (Male) |
| 4:49 | Create | Villager (Male) |
| 4:49 | Create | Villager (Male) |
| 5:07 | Build | House |
| 5:46 | Build | House |
| 6:03 | Build | Mining Camp |
| 6:08 | Create | Villager (Male) |
| 7:21 | Build | Mill |
| 7:25 | Research | Feudal Age |
| 7:52 | Build | Lumber Camp |
| 8:07 | Create | Villager (Male) |
| 8:07 | Create | Villager (Male) |
| 9:20 | Build | Mill |
| 9:41 | Create | Villager (Male) |
| 9:41 | Create | Villager (Male) |
| 9:41 | Create | Villager (Male) |
| 9:45 | Research | Double-Bit Axe |
| 9:51 | Research | Gold Mining |
| 10:09 | Create | Villager (Male) |
| 11:05 | Build | Barracks |
| 11:43 | Build | Watch Tower |
| 11:55 | Create | Villager (Male) |
| 11:56 | Create | Villager (Male) |
| 11:56 | Create | Villager (Male) |
| 11:56 | Create | Villager (Male) |
| 11:56 | Create | Villager (Male) |
| 11:57 | Create | Villager (Male) |
| 11:57 | Create | Villager (Male) |
| 12:03 | Create | Spearman |
| 12:04 | Create | Spearman |
| 12:04 | Create | Spearman |
| 12:04 | Create | Spearman |
| 12:23 | Build | Palisade Wall |
| 12:25 | Build | Palisade Wall |
| 12:36 | Build | Palisade Wall |
| 12:50 | Create | Villager (Male) |
| 12:50 | Create | Villager (Male) |
| 12:50 | Create | Villager (Male) |
| 12:51 | Create | Villager (Male) |
| 13:15 | Create | Spearman |
| 13:26 | Build | House |
| 13:42 | Build | House |
| 14:04 | Build | House |
| 14:05 | Build | House |
| 14:06 | Build | House |
| 14:07 | Build | House |
| 14:09 | Build | House |
| 14:10 | Build | House |
| 14:28 | Create | Villager (Male) |
| 14:28 | Create | Villager (Male) |
| 14:29 | Create | Villager (Male) |
| 14:29 | Create | Villager (Male) |
| 14:44 | Build | Farm |
| 14:45 | Build | Farm |
| 15:02 | Build | Market |
| 15:30 | Build | Blacksmith |
| 15:35 | Build | Farm |
| 15:37 | Build | Farm |
| 15:38 | Build | Farm |
| 15:39 | Build | Farm |
| 16:22 | Build | Farm |
| 16:31 | Build | Mining Camp |
| 16:45 | Build | Farm |
| 16:46 | Build | Farm |
| 17:03 | Build | Farm |
| 17:13 | Build | Farm |
| 17:25 | Build | Farm |
| 17:38 | Research | Castle Age |
| 17:47 | Research | Man-at-Arms (upgrade) |
| 18:11 | Create | Militia ×3 |
| 18:24 | Build | Farm |
| 18:25 | Build | Farm |
| 18:27 | Build | Farm |
| 18:34 | Create | Villager (Male) |
| 18:43 | Create | Militia |
| 18:43 | Create | Militia |
| 18:58 | Build | Farm |
| 19:17 | Research | Forging |
| 19:56 | Create | Militia |
| 19:56 | Create | Militia |
| 20:01 | Research | Scale Mail Armor |
| 21:14 | Research | Stone Mining |
| 21:17 | Research | Wheelbarrow |
| 21:24 | Build | Town Center |
| 21:27 | Research | Bow Saw |
| 21:33 | Research | Long Swordsman (upgrade) |
| 21:38 | Build | Barracks |
| 21:51 | Build | Farm |
| 21:52 | Build | Farm |
| 22:00 | Research | Gambesons |
| 22:06 | Research | Horse Collar |
| 22:23 | Create | Villager (Male) |
| 22:23 | Create | Villager (Male) |
| 23:07 | Build | Archery Range |
| 23:09 | Build | Archery Range |
| 23:12 | Research | Pikeman (upgrade) |
| 23:21 | Create | Villager (Male) |
| 23:29 | Create | Villager (Male) |
| 23:33 | Create | Villager (Male) |
| 23:33 | Create | Villager (Male) |
| 23:37 | Create | Villager (Male) |
| 23:48 | Research | Fletching |
| 24:02 | Build | Farm |
| 24:03 | Create | Villager (Male) |
| 24:07 | Research | Elite Skirmisher (upgrade) |
| 24:15 | Research | Gold Shaft Mining |
| 24:18 | Create | Villager (Male) |
| 24:18 | Create | Villager (Male) |
| 24:26 | Build | Farm |
| 24:30 | Create | Skirmisher |
| 24:34 | Create | Militia |
| 25:03 | Create | Skirmisher |
| 25:03 | Create | Skirmisher |
| 25:04 | Create | Skirmisher |
| 25:05 | Create | Skirmisher |
| 25:05 | Create | Skirmisher |
| 25:29 | Create | Villager (Male) |
| 25:29 | Create | Villager (Male) |
| 25:30 | Create | Villager (Male) |
| 25:45 | Build | University |
| 26:04 | Build | Lumber Camp |
| 26:09 | Research | Bodkin Arrow |
| 26:23 | Create | Skirmisher |
| 26:25 | Research | Crossbowman (upgrade) |
| 26:33 | Create | Villager (Male) |
| 26:34 | Create | Villager (Male) |
| 27:16 | Create | Archer |
| 27:19 | Create | Archer ×3 |
| 27:19 | Create | Archer ×3 |
| 28:25 | Create | Archer |
| 28:31 | Research | Treadmill Crane |
| 28:47 | Research | Ballistics |
Match timeline
| 7:01 | LocalFukBoy · first_building Barracks |
| 7:43 | Galadh · first_building Barracks |
| 7:51 | PadreDiSerse · first_building Barracks |
| 7:57 | K4inDB · first_building Barracks |
| 9:16 | DestroyerOfDreams · first_building Barracks |
| 9:38 | Galadh · age_up feudal |
| 9:41 | Galadh · first_building Stable |
| 9:49 | K4inDB · first_building Stable |
| 10:38 | PadreDiSerse · age_up feudal |
| 10:39 | DestroyerOfDreams · wall_segment Palisade Wall x17 |
| 10:39 | PadreDiSerse · first_building Stable |
| 10:43 | DestroyerOfDreams · wall_segment Palisade Wall x4 |
| 10:59 | DestroyerOfDreams · wall_segment Palisade Wall x21 |
| 11:05 | Er Pecoraio · first_building Barracks |
| 11:17 | DestroyerOfDreams · age_up feudal |
| 11:18 | Aztekli · age_up feudal |
| 11:23 | DestroyerOfDreams · wall_segment Palisade Wall x1 |
| 12:11 | LocalFukBoy · age_up feudal |
| 12:23 | 牛奶罐 · age_up feudal |
| 12:23 | Er Pecoraio · wall_segment Palisade Wall x3 |
| 12:25 | Er Pecoraio · wall_segment Palisade Wall x4 |
| 12:36 | Er Pecoraio · wall_segment Palisade Wall x7 |
| 13:11 | Aztekli · wall_segment Palisade Wall x1 |
| 13:15 | Aztekli · wall_segment Palisade Wall x1 |
| 13:18 | Aztekli · wall_segment Palisade Wall x1 |
| 13:47 | 牛奶罐 · first_building Barracks |
| 15:39 | Galadh · first_market_sell 100 wood |
| 15:40 | Galadh · first_market_buy 100 food |
| 16:41 | Aztekli · wall_segment Palisade Wall x1 |
| 16:43 | Aztekli · wall_segment Palisade Wall x1 |
| 16:52 | 牛奶罐 · wall_segment Stone Wall x5 |
| 17:08 | 牛奶罐 · age_up castle |
| 17:31 | Er Pecoraio · first_market_buy 100 food |
| 17:47 | DestroyerOfDreams · age_up castle |
| 17:49 | 牛奶罐 · wall_segment Stone Wall x17 |
| 17:55 | DestroyerOfDreams · first_market_buy 100 stone |
| 18:11 | DestroyerOfDreams · first_building Castle |
| 18:18 | 牛奶罐 · wall_segment Stone Wall x6 |
| 18:45 | DestroyerOfDreams · wall_segment Palisade Wall x1 |
| 18:51 | PadreDiSerse · first_market_sell 100 stone |
| 18:54 | DestroyerOfDreams · wall_segment Palisade Wall x1 |
| 19:15 | DestroyerOfDreams · wall_segment Palisade Wall x1 |
| 19:33 | Aztekli · age_up castle |
| 19:36 | 牛奶罐 · wall_segment Stone Wall x4 |
| 20:24 | 牛奶罐 · wall_segment Stone Wall x6 |
| 20:57 | 牛奶罐 · first_building Castle |
| 21:02 | PadreDiSerse · first_building Archery Range |
| 22:24 | LocalFukBoy · first_market_buy 100 wood |
| 22:38 | PadreDiSerse · age_up castle |
| 22:51 | PadreDiSerse · first_market_buy 100 wood |
| 23:07 | Er Pecoraio · first_building Archery Range |
| 23:10 | DestroyerOfDreams · first_market_sell 100 wood |
| 23:12 | Galadh · first_building Archery Range |
| 23:28 | DestroyerOfDreams · wall_segment Palisade Wall x1 |
| 24:12 | 牛奶罐 · wall_segment Stone Wall x14 |
| 24:49 | 牛奶罐 · wall_segment Stone Wall x7 |
| 25:03 | LocalFukBoy · first_market_sell 100 stone |
| 25:50 | Aztekli · first_market_buy 500 stone |
| 26:02 | Aztekli · first_market_sell 100 wood |
| 26:12 | Aztekli · first_building Castle |
| 27:01 | Aztekli · wall_segment Stone Wall x1 |
| 27:03 | Aztekli · wall_segment Stone Wall x1 |
| 27:06 | Aztekli · wall_segment Stone Wall x1 |
| 27:18 | 牛奶罐 · wall_segment Stone Wall x10 |
| 27:19 | 牛奶罐 · wall_segment Stone Wall x11 |
| 27:39 | PadreDiSerse · first_building Castle |
| 29:09 | Er Pecoraio · first_building Castle |
| 29:15 | LocalFukBoy · age_up castle |
| 30:13 | Aztekli · first_building Monastery |
| 30:48 | Galadh · age_up castle |
| 31:17 | Galadh · first_building Siege Workshop |
| 32:45 | DestroyerOfDreams · wall_segment Palisade Wall x5 |
| 33:08 | Er Pecoraio · tribute_sent a jugador 1 |
| 33:08 | Er Pecoraio · tribute_sent a jugador 2 |
| 33:08 | Er Pecoraio · tribute_sent a jugador 3 |
| 33:08 | Er Pecoraio · tribute_sent a jugador 4 |
| 33:08 | Er Pecoraio · tribute_sent a jugador 5 |
| 33:08 | Er Pecoraio · tribute_sent a jugador 6 |
| 33:08 | Er Pecoraio · tribute_sent a jugador 7 |
| 33:17 | 牛奶罐 · first_building Stable |
| 33:46 | DestroyerOfDreams · wall_segment Palisade Wall x1 |
| 35:06 | Aztekli · first_building Barracks |
| 35:14 | 牛奶罐 · wall_segment Stone Wall x8 |
| 35:50 | Er Pecoraio · first_market_sell 100 wood |
| 36:26 | 牛奶罐 · wall_segment Stone Wall x7 |
| 36:31 | Aztekli · wall_segment Stone Wall x1 |
| 36:41 | LocalFukBoy · resign |
| 36:53 | Aztekli · wall_segment Stone Wall x2 |
| 38:07 | K4inDB · first_market_sell 100 food |
| 38:20 | PadreDiSerse · age_up imperial |
| 38:51 | K4inDB · first_building Castle |
| 39:01 | K4inDB · first_building Monastery |
| 39:32 | Galadh · first_building Monastery |
| 41:24 | Aztekli · wall_segment Stone Wall x12 |
| 41:32 | Aztekli · wall_segment Stone Wall x7 |
| 42:12 | Aztekli · wall_segment Stone Wall x9 |
| 42:43 | Aztekli · wall_segment Stone Wall x4 |
| 42:45 | Aztekli · wall_segment Stone Wall x2 |
| 43:29 | Galadh · age_up imperial |
| 44:39 | Galadh · first_building Castle |
| 44:46 | Aztekli · wall_segment Stone Wall x12 |
| 44:54 | Aztekli · wall_segment Stone Wall x3 |
| 45:54 | Aztekli · wall_segment Stone Wall x2 |
| 47:06 | Aztekli · wall_segment Palisade Wall x2 |
| 47:30 | PadreDiSerse · first_building Siege Workshop |
| 49:05 | Aztekli · wall_segment Stone Wall x1 |
| 49:06 | Aztekli · wall_segment Stone Wall x1 |
| 49:07 | Aztekli · wall_segment Stone Wall x1 |
| 49:07 | Aztekli · wall_segment Stone Wall x1 |
| 49:08 | Aztekli · wall_segment Stone Wall x1 |
| 49:08 | Aztekli · wall_segment Stone Wall x1 |
| 49:09 | Aztekli · wall_segment Stone Wall x1 |
| 49:09 | Aztekli · wall_segment Stone Wall x1 |
| 49:21 | Aztekli · wall_segment Stone Wall x1 |
| 49:21 | Aztekli · wall_segment Stone Wall x1 |
| 49:22 | Aztekli · wall_segment Stone Wall x1 |
| 49:23 | Aztekli · wall_segment Stone Wall x1 |
| 49:23 | Aztekli · wall_segment Stone Wall x1 |
| 50:04 | Er Pecoraio · first_building Monastery |
[ AI ANALYSIS · 1 CREDIT ]
What really happened in this match?
Wolo.gg analyzes every decision: build order, eco, micro, common mistakes by bracket. Personalized analysis on WhatsApp or Discord in 30 seconds.
Civ guide
Aztecs
Map guide
Steppe
Perfil
LocalFukBoy